 Dungeon Crawl Stone Soup version 0.30.1-4-g462c640d31 (webtiles) character file.

Game seed: 675684711374869822

231 ChrisAssaf the Gusty (level 5, 0/55 HPs)
             Began as a Demonspawn Air Elementalist on Aug 11, 2023.
             Slain by a quokka (2 damage)
             ... on level 3 of the Dungeon.
             The game lasted 00:09:38 (1961 turns).

ChrisAssaf the Gusty (Demonspawn Air Elementalist)  Turns: 1961, Time: 00:09:39

Health: 0/55       AC: 29    Str: 10    XL:     5   Next: 72%
Magic:  0/8        EV:  2    Int: 16    God:
Gold:   205        SH:  0    Dex: 14    Spells: 2/9 levels left

rFire   . . .        c - +0 dagger (protect)
rCold   . . .        (no shield)
rNeg    . . .        a - melded +0 robe
rPois   +            (helmet currently unavailable)
rElec   .            (cloak currently unavailable)
rCorr   +            (gloves currently unavailable)
SInv    .            (boots currently unavailable)
Will    .....        i - amulet of guardian spirit
Stlth   ++           d - ring of resist corrosion
HPRegen 0.29/turn    (no ring)
MPRegen 0.11/turn

%: guardian spirit
@: tree-form, under a protective aura
A: stationary, stasis, torment immunity, boosted hp, (demonic touch 2)
a: no special abilities


You were on level 3 of the Dungeon.
You were a tree.
You visited 1 branch of the dungeon, and saw 3 of its levels.
You also visited: Sewer.

You collected 205 gold pieces.

Inventory:

Hand Weapons
 c - a +0 dagger of protection (weapon)
Armour
 a - a +0 robe (melded)
Jewellery
 d - a ring of resist corrosion (left branch)
 i - an amulet of guardian spirit (around neck)
Potions
 b - a potion of haste
 e - a potion of attraction {unknown}


   Skills:
 * Level 1.3 Fighting
 * Level 1.2 Short Blades
 * Level 1.1 Armour
 * Level 2.6 Dodging
 * Level 2.6 Stealth
 * Level 2.6 Spellcasting
 * Level 2.0 Conjurations
 * Level 1.2 Translocations
 * Level 3.2 Air Magic


You had 2 spell levels left.
You knew the following spells:

 Your Spells              Type           Power      Damage    Failure   Level
a - Shock                 Conj/Air       40%        1d5       7%          1
b - Static Discharge      Conj/Air       20%        2-3/arc   10%         2
c - Blink                 Tloc           12%        N/A       17%         2
d - Momentum Strike       Conj/Tloc      14%        3d8       16%         2

Your spell library contained the following spells:

 Spells                   Type           Power      Damage    Failure   Level
 Lesser Beckoning         Tloc           12%        N/A       17%         2
 Swiftness                Air            12%        N/A       16%         3
 Airstrike                Air            6%         2d(1-17)  45%         4


Dungeon Overview and Level Annotations

Branches:
Dungeon (3/15)              Sewer (visited)

Altars:

Annotations:
D:3 Ijyb, Sigmund


Innate Abilities, Weirdness & Mutations

You are a tree.
Your roots penetrate the ground, keeping you stationary.
You cannot be teleported.
You are immune to unholy pain and torment.
Your maximum health is greatly increased.
Your equipment is partially melded.
((Your touch may inflict irresistible damage on your foes.))


Message History

The orc hits you but does no damage. x2
Sigmund shouts!
You hit the orc.
The orc is almost dead.
You hear a shout!
The orc hits you with a +0 flail.
* * * LOW HITPOINT WARNING * * *
The orc hits you but does no damage.
You hit the orc.
You kill the orc!
The orc barely misses you.
Ijyb the Twisted Goblin comes into view.
She is wielding a +0 club and carrying a wand of mindburst (18).
Your Conjurations skill increases to level 2!
You closely miss the orc.
The orc is moderately wounded.
The quokka bites you.
* * * LOW HITPOINT WARNING * * *
You hit the orc.
The orc is almost dead.
The orc hits you but does no damage.
The quokka bites you but does no damage.
You hit the orc but do no damage.
The orc is almost dead.
The quokka bites you but does no damage.
The orc hits you but does no damage.
You hit the orc.
You kill the orc!
The quokka bites you but does no damage.
You hit the hobgoblin but do no damage.
The quokka bites you but does no damage.
Sigmund hits you but does no damage.
The hobgoblin hits you but does no damage.
The quokka bites you but does no damage.
You barely miss the hobgoblin.
The hobgoblin hits you but does no damage.
Sigmund hits you from afar with a +0 scythe.
* * * LOW HITPOINT WARNING * * *
The quokka bites you but does no damage.
You closely miss the hobgoblin. The quokka bites you.
You die...

.. ##(.........#.
##.####...........#.
..................#.
.....###..........# #
.................##.#
.#...............##.###
....................##.
..######............# #.
.....gg♣............# #.
.....@#r.......[÷...# #.
......>##...<....[..###.
....... ##..............
.......?..............†.
#................##.....
...?...#.........##.....
......######....##.....
###!.......#


You could see Sigmund, Ijyb, a quokka and a hobgoblin.

Vanquished Creatures
  Pargi (Sewer)
  2 orc priests (D:3)
  2 adders (D:3)
  3 worms
  A dart slug (D:1)
  5 orcs (D:3)
  2 ball pythons
  5 bats (Sewer)
  6 endoplasms
  2 giant cockroaches (D:3)
  6 goblins
  3 hobgoblins
  3 quokkas
  A frilled lizard (D:1)
  A kobold (D:1)
  3 rats
46 creatures vanquished.

Notes
Turn   | Place    | Note
-------+----------+-------------------------------------------
     0 | D:1      | ChrisAssaf the Demonspawn Air Elementalist began the quest
                  | for the Orb.
     0 | D:1      | Reached XP level 1. HP: 13/13 MP: 3/3
   285 | D:1      | Gained mutation: Your touch may inflict minor irresistible
                  | damage on your foes. [demonic ancestry]
   285 | D:1      | Reached XP level 2. HP: 20/20 MP: 0/5
   300 | D:1      | Learned a level 2 spell: Static Discharge
   356 | D:2      | Noticed Sigmund
  1298 | D:1      | Gained mutation: Your touch may inflict irresistible damage
                  | on your foes. [demonic ancestry]
  1298 | D:1      | Reached XP level 3. HP: 18/25 MP: 2/6
  1338 | D:1      | Learned a level 2 spell: Blink
  1434 | D:3      | Reached skill level 3 in Air Magic
  1449 | D:3      | Reached skill level 1 in Fighting
  1452 | D:3      | Reached XP level 4. HP: 11/32 MP: 1/7
  1499 | D:3      | Found a glowing drain.
  1502 | Sewer    | Entered a sewer
  1617 | Sewer    | Noticed Pargi
  1633 | Sewer    | Killed Pargi
  1634 | Sewer    | Reached skill level 1 in Short Blades
  1634 | Sewer    | Reached skill level 1 in Armour
  1634 | Sewer    | Reached skill level 1 in Translocations
  1634 | Sewer    | Reached XP level 5. HP: 16/37 MP: 0/8
  1717 | Sewer    | Learned a level 2 spell: Momentum Strike
  1954 | D:3      | Noticed Ijyb
  1960 | D:3      | HP: 2/55 [Sigmund/+0 scythe (3)]
  1961 | D:3      | Slain by a quokka

Illustrated notes

Levels and vault maps discovered:
D:1:      denvon_arrival_planthouse, layout_rooms
D:2:      layout_rooms, hangedman_glass_teeth, minmay_misc_feat_roman,
          nrook_mini_backslash, minmay_misc_feat_tower, uniq_sigmund
D:3:      layout_rooms, trog_hazing_becter, lemuel_doored_altar,
          portal_sewer_entry_b, minmay_randomly_rotated_circles, uniq_ijyb

Skill      XL: |  1  2  3  4  5 |
---------------+----------------+-----
Stealth        | 2 |  2.6
Dodging        | 2 |  2.6
Air Magic      | 3 |  3.2
Fighting       | 1 |  1.3
Short Blades   | 1 |  1.2
Armour         | 1 |  1.1
Translocations | 1 |  1.2
Conjurations   | 2 |  2.0
Spellcasting   | |  2.6

Action                     |  1- 3 |  4- 6 || total
---------------------------+-------+-------++-------
  Melee: Unarmed           |     5 |       ||     5
         Dagger            |    18 |    49 ||    67
         Touch             |     4 |     7 ||    11
   Cast: Shock             |    20 |     4 ||    24
         Static Discharge  |    22 |    10 ||    32
    Use: Potion            |     5 |     3 ||     8
         Scroll            |     6 |     2 ||     8
   Stab: Sleeping          |     2 |     1 ||     3
 Armour: Robe              |     7 |    27 ||    34
         Skin              |       |    21 ||    21
  Dodge: Dodged            |    29 |    73 ||   102
